 Dungeon Crawl Stone Soup version 0.30-a0-371-gad7725a93e (webtiles) character file.

Game seed: 4739621561298605507

192 KennySheep the Conjurer (level 5, -3/45 HPs)
             Began as an Ogre Conjurer on Nov 21, 2022.
             Was a Priest of Fedhas.
             Slain by an ufetubus (4 damage)
             ... on level 4 of the Dungeon.
             The game lasted 00:10:30 (4433 turns).

KennySheep the Conjurer (Ogre Conjurer)             Turns: 4433, Time: 00:10:31

Health: -3/45      AC:  3    Str: 11      XL:     5   Next: 71%
Magic:  2/10       EV:  9    Int: 20 (21) God:    Fedhas [***...]
Gold:   152        SH:  0    Dex:  6 (7)  Spells: 3/10 levels left

rFire   . . .      SeeInvis .    r - +2 dagger (venom)
rCold   . . .      Faith    .    (no shield)
rNeg    . . .      Spirit   .    a - +0 robe
rPois   .          Reflect  .    (helmet restricted)
rElec   .          Harm     .    (no cloak)
rCorr   .          Rampage  .    (gloves unavailable)
Will    .....                    (boots unavailable)
Stlth   +.........               (no amulet)
HPRegen 0.27/turn                (no ring)
MPRegen 0.12/turn                (no ring)

@: no status effects
A: large, unfitting armour, tough skin 1
a: Renounce Religion, Wall of Briars, Grow Ballistomycete


You were on level 4 of the Dungeon.
You worshipped Fedhas.
Fedhas was most pleased with you.
You visited 1 branch of the dungeon, and saw 5 of its levels.

You collected 212 gold pieces.
You spent 60 gold pieces at shops.

Inventory:

Hand Weapons
 c - a +0 dagger
 d - a +0 spear
 r - a +2 dagger of venom (weapon)
Missiles
 i - 3 javelins
Armour
 a - a +0 robe (worn)
Wands
 b - a wand of flame (15)
Scrolls
 e - 2 scrolls of enchant weapon
 j - a scroll of blinking
 k - 2 scrolls of identify
 o - a scroll of teleportation
 p - 2 scrolls of noise
 s - a scroll of silence
 u - a scroll of poison
 w - a scroll of magic mapping
Potions
 f - a potion of degeneration
 h - a potion of mutation {unknown}
 l - a potion of lignification
 m - 4 potions of curing
 n - a potion of attraction {unknown}
 q - a potion of haste {unknown}
 t - a potion of resistance {unknown}
 v - a potion of heal wounds {unknown}


   Skills:
 - Level 1.7 Dodging
 - Level 1.4 Stealth
 + Level 3.4 Spellcasting
 * Level 4.8 Conjurations
 * Level 2.9 Translocations


You had 3 spell levels left.
You knew the following spells:

 Your Spells              Type           Power      Damage    Failure   Level
a - Magic Dart            Conj           88%        1d7       1%          1
b - Searing Ray           Conj           44%        2d6       2%          2
c - Iskenderun's Mystic   Conj/Tloc      19%        2d6       26%         4

Your spell library contained the following spells:

 Spells                   Type           Power      Damage    Failure   Level
 Dazzling Flash           Conj/Hex       26%        N/A       16%         3
 Fulminant Prism          Conj/Hex       6%         3d7       45%         4
 Conjure Ball Lightning   Conj/Air       6%         3x3d7     100%        6
 Discord                  Hex            1%         N/A       100%        8
 Disjunction              Tloc           7%         N/A       100%        8


Dungeon Overview and Level Annotations

Branches:
Dungeon (5/15)
 Temple: D:4-7

Altars:
Fedhas
Gozag
Uskayaw
Wu Jian

Shops:
D:2 !

Annotations:
D:5 exclusion: door


Innate Abilities, Weirdness & Mutations

You are too large for most types of armour.
You have tough skin. (AC +1)


Message History

The ogre is knocked back by the mystic blast.
The mystic blast hits the ogre!
The ogre is severely wounded.
The orc wizard mumbles some strange words.
The orc wizard flickers and vanishes!
An orc comes into view. It is wielding a +0 hand axe.
The ogre closely misses you. The ufetubus closely misses you.
The ufetubus barely misses you. The ogre closely misses you.
You climb upwards.
Reactivating autopickup.
There is a stone staircase leading down here.
Aiming: Throw Flame
Press: ? - help, Shift-Dir - straight line, f - ogre
Aim: an ogre, wielding a +0 giant club (severely wounded, 85% to hit)
The puff of flame hits the ogre.
The ogre is almost dead.
The ufetubus hits you. The ufetubus barely misses you.
The ufetubus hits you but does no damage.
The ufetubus closely misses you.
You hit the ogre.
The ogre is poisoned.
The ogre is almost dead.
The ufetubus hits you.
The ufetubus hits you but does no damage.
The ogre hits you with a +0 giant club!!
Ouch! That really hurt!
* * * LOW HITPOINT WARNING * * *
Aiming: Throw Flame
Press: ? - help, Shift-Dir - straight line, f/p - ogre
Aim: an ogre, wielding a +0 giant club (almost dead, very poisoned, 85% to hit)
The puff of flame hits the ogre!
You kill the ogre!
Fedhas appreciates your contribution to the ecosystem.
The ufetubus hits you.
* * * LOW HITPOINT WARNING * * *
The ufetubus closely misses you. The ufetubus hits you.
* * * LOW HITPOINT WARNING * * *
The ufetubus hits you.
You die...
Fedhas appreciates your contribution to the ecosystem.

##................####...
##...##.................
#####....)##########...
#.##### #... ##.# #...
########..# #######...
#........## #####.........
#.......######.....###...#.
#........)@5..[######......
#...)..######### #.......
#......# #....... #......#
#....... ######## ##......
##...## ######


You could see an ufetubus.

Vanquished Creatures
  An ogre (D:4)
  Robin (D:3)
  5 adders
  A shadow imp (D:4)
  An ufetubus (D:4)
  A worm (D:4)
  3 dart slugs
  5 orcs
  7 ball pythons
  10 endoplasms
  2 giant cockroaches
  8 hobgoblins
  9 jackals
  9 kobolds
  6 quokkas
  5 bats
  3 frilled lizards (D:3)
  15 goblins
  9 rats
101 creatures vanquished.

Notes
Turn   | Place    | Note
-------+----------+-------------------------------------------
     0 | D:1      | KennySheep the Ogre Conjurer began the quest for the Orb.
     0 | D:1      | Reached XP level 1. HP: 16/16 MP: 3/3
   258 | D:1      | Reached XP level 2. HP: 24/24 MP: 2/5
   261 | D:1      | Learned a level 2 spell: Searing Ray
   579 | D:1      | Reached skill level 1 in Translocations
   946 | D:1      | Reached skill level 4 in Conjurations
   946 | D:1      | Reached XP level 3. HP: 31/31 MP: 5/7
  1192 | D:1      | Found a faded altar of an unknown god.
  1213 | D:1      | Prayed at the altar of an unknown god.
  1213 | D:1      | Became a worshipper of Fedhas Madash
  1213 | D:1      | Reached * piety under Fedhas
  1725 | D:2      | Found Caolemyl's Distillery.
  1744 | D:2      | Bought a potion of lignification for 30 gold pieces
  1744 | D:2      | Bought a potion of curing for 30 gold pieces
  1838 | D:2      | Reached ** piety under Fedhas
  2190 | D:3      | Noticed Robin
  2191 | D:3      | Reached XP level 4. HP: 39/39 MP: 5/8
  2423 | D:3      | Killed Robin
  2560 | D:3      | Found an opulent altar of Gozag.
  2562 | D:3      | Found a hide-covered altar of Uskayaw.
  3020 | D:4      | Learned a level 4 spell: Iskenderun's Mystic Blast
  3128 | D:4      | Reached XP level 5. HP: 45/45 MP: 4/9
  3241 | D:4      | Reached *** piety under Fedhas
  3380 | D:4      | Found an ornate altar of the Wu Jian Council.
  4017 | D:5      | Entered Level 5 of the Dungeon
  4064 | D:5      | Noticed a black bear
  4426 | D:5      | Noticed an ogre
  4426 | D:5      | Noticed an ogre
  4426 | D:5      | Noticed an ogre
  4433 | D:4      | Killed an ogre
  4433 | D:4      | HP: 2/45 [ufetubus (3)]
  4433 | D:4      | Slain by an ufetubus

Illustrated notes

Levels and vault maps discovered:
D:1:      psy_arrival_dodecagon, layout_basic,
          shapermc_ecumenical_altar_mp_highgroup
D:2:      layout_basic, serial_shops, shop_statue
D:3:      layout_rooms, jmf_multi_god_temple, chequers_avenue, uniq_robin
D:4:      layout_rooms, nicolae_wu_jian_immortal_techniques
D:5:      layout_basic, saegor_snake_ambush

Skill      XL: |  1  2  3  4 |
---------------+-------------+-----
Translocations | 1 2 |  2.9
Conjurations   | 4 |  4.8
Spellcasting   | 3 |  3.4
Dodging        | |  1.7
Stealth        | |  1.4

Action                   |  1- 3 |  4- 6 || total
-------------------------+-------+-------++-------
Melee: Spear             |    20 |     6 ||    26
       Dagger            |       |    11 ||    11
 Cast: Magic Dart        |    81 |    93 ||   174
       Searing Ray       |     1 |     3 ||     4
       Iskenderun's Myst |       |     3 ||     3
Evoke: Wand              |       |     2 ||     2
  Use: Scroll            |       |     9 ||     9
       Potion            |       |     2 ||     2
Armor: Robe              |    10 |    15 ||    25
Dodge: Dodged            |    14 |    25 ||    39

Table legend: (Time is in decaauts)
 A = Elapsed time spent in this place.
 B = Non-inter-level travel time spent in this place.
 C = Inter-level travel time spent in this place.
 D = Time resting spent in this place.
 E = Time spent auto-exploring this place.
 F = Levels seen in this place.
 G = Mean time per level.
                   A        B        C        D        E       F      G
               +--------+--------+--------+--------+--------+-----+--------+
         Total |   4457 |   4233 |    224 |    236 |   3509 |   5 |  891.4 |
       Dungeon |   4457 |   4233 |    224 |    236 |   3509 |   5 |  891.4 |
               +--------+--------+--------+--------+--------+-----+--------+

Top non-repeatable levels by time:
     D:1: 1437 daAuts
     D:4: 1066 daAuts
     D:2: 838 daAuts
     D:3: 731 daAuts
     D:5: 383 daAuts
